 Dungeon Crawl Stone Soup version 0.28-a0-1638-g9123634e07 (webtiles) character file.

Game seed: 5630147105883734596

3603 lonewolfV2 the Sneak (level 9, -8/69 HPs)
             Began as a Demonspawn Berserker on Jan 25, 2022.
             Was a Priest of Trog.
             Mangled by a yak (12 damage)
             ... on level 8 of the Dungeon.
             The game lasted 00:09:06 (7721 turns).

lonewolfV2 the Sneak (Demonspawn Berserker)         Turns: 7721, Time: 00:09:06

Health: -8/69      AC:  4    Str: 21    XL:     9   Next: 86%
Magic:  18/18      EV: 17    Int:  9    God:    Trog [***...]
Gold:   342        SH:  0    Dex: 27    Spells: 8/8 levels left

rFire   . . .      SeeInvis .   o - +8 whip of Wrath {vorpal, Will+}
rCold   . . .      Faith    .   (no shield)
rNeg    . . .      Spirit   .   b - +0 animal skin
rPois   .          Reflect  .   i - +1 helmet "Ynnis" {rElec Dex+10}
rElec   +          Harm     .   (no cloak)
rCorr   .          Rampage  .   (no gloves)
Will    +....                   (no boots)
Stlth   ++++++....              s - amulet of regeneration
HPRegen 1.01/turn               p - ring of magical power
MPRegen 0.16/turn               (no ring)

@: no status effects
A: claws 2, thin skeletal structure 2, demonic guardian 1, spiny 1
a: Renounce Religion, Berserk, Trog's Hand


You were on level 8 of the Dungeon.
You worshipped Trog.
Trog was most pleased with you.
You visited 1 branch of the dungeon, and saw 9 of its levels.

You collected 342 gold pieces.

Inventory:

Hand Weapons
 a - a +0 hand axe
 o - the +8 whip of Wrath (weapon) {vorpal, Will+}
   (You found it on level 5 of the Dungeon)

   It inflicts extra damage upon your enemies.
   Will:      It increases your willpower.
Armour
 b - a +0 animal skin (worn)
 i - the +1 helmet "Ynnis" (worn) {rElec Dex+10}
   (You found it on level 2 of the Dungeon)

   Dex:       It affects your dexterity (+10).
   rElec:     It insulates you from electricity.
Jewellery
 e - an amulet of guardian spirit
 p - a ring of magical power (left claw)
 s - an amulet of regeneration (around neck)
Wands
 m - a wand of digging (7)
Scrolls
 k - 2 scrolls of identify
 n - a scroll of teleportation
 q - a scroll of enchant armour {unknown}
 u - 2 scrolls of fear {unknown}
Potions
 c - 5 potions of curing
 d - a potion of cancellation
 f - 2 potions of resistance
 g - 4 potions of mutation
 h - a potion of might
 j - a potion of ambrosia {unknown}
 l - 2 potions of haste {unknown}
 r - 2 potions of lignification {unknown}
 t - a potion of magic {unknown}


   Skills:
 + Level 6.2 Fighting
 + Level 6.1(7.3) Axes
 + Level 6.0(7.2) Maces & Flails
 + Level 1.9 Armour
 + Level 5.9 Dodging
 + Level 7.0 Stealth


You had 8 spell levels left.
You didn't know any spells.
Your spell library was empty.

Dungeon Overview and Level Annotations

Branches:
Dungeon (9/15)             Temple (0/1) D:4
   Lair: D:8-11         Orc: D:9-12

Altars:
Fedhas
Gozag
Xom
Yredelemnul

Shops:
D:6 [

Annotations:
D:4 1 runed translucent door, Shayle's ghost, amateur DjWr


Innate Abilities, Weirdness & Mutations

You have very sharp fingernails.
You have a moderately thin skeletal structure. (Dex +4, Stealth++)
A weak demonic guardian rushes to your aid.
You are partially covered in sharp spines.


Message History

* * * LOW HITPOINT WARNING * * *
Your shadow imp hits the yak.
You barely miss the yak.
The yak is severely wounded.
The yak misses you.
Your shadow imp gestures at the yak.
The yak struggles to resist.
You strike the helpless yak from behind!
You whack the yak!
The yak is almost dead.
The yak misses you.
You hit the yak.
You kill the yak!
Trog accepts your kill.
Your base Maces & Flails skill increases to level 6!
Your Stealth skill increases to level 7!
You swap places.
You see here a yak corpse.
You start resting.
A yak is nearby!
A yak is nearby!
A yak is nearby!
A yak is nearby!
The yak is struck by your spines. The yak barely misses you.
There is a stone staircase leading down, spattered with blood here.
You see here a yak corpse.
You closely miss the yak.
The yak is lightly wounded.
The yak barely misses you.
Your shadow imp barely misses the yak.
You whack the yak!
The yak is heavily wounded.
The yak is struck by your spines. The yak gores you!
* * * LOW HITPOINT WARNING * * *
Your shadow imp hits the yak.
You hit the yak.
The yak is severely wounded.
You hit the yak.
The yak is almost dead.
The yak gores you!
You die...

### ## #.. .. #.#
#. #.# ####. #.#
#.... #.# #....
#)############...)
#@5.)†......#####)
#Y#########.# #.
#..# #.## #. #...##
#..# #.
........####.# #.
≈≈≈≈≈≈≈......## #.
.≈#####≈.###...###.
.≈ #≈.. #)#.....
#.≈ .. #.#.....


You could see a yak (ally target) and a friendly shadow imp (summoned).

Vanquished Creatures
  Erica (D:8)
  Pikel (D:5)
  Grinder (D:6)
  Prince Ribbit (D:6)
  A shadow (D:5)
  3 yaks (D:8)
  An orc warrior (D:6)
  An ice beast (D:6)
  A hornet zombie (D:6)
  2 sky beasts
  A black bear (D:6)
  2 ogres
  A phantom (D:6)
  A lemure (D:5)
  A kobold brigand (D:9)
  A scorpion (D:4)
  3 howler monkeys (D:8)
  2 electric eels (D:6)
  3 orc priests
  A bullfrog skeleton (D:4)
  An iguana (D:5)
  3 orc wizards
  A hound zombie (D:5)
  2 adders
  An ufetubus (D:5)
  An adder skeleton (D:4)
  A worm (D:2)
  4 dart slugs
  15 orcs
  5 bats
  4 endoplasms
  2 giant cockroaches
  3 goblins
  9 hobgoblins
  2 jackals (D:4)
  3 quokkas
  7 ball pythons
  3 frilled lizards
  10 kobolds
  5 rats
111 creatures vanquished.

Vanquished Creatures (collateral kills)
  A water moccasin (D:6)
1 creature vanquished.

Vanquished Creatures (others)
  21 fungi (D:8)
  19 plants (D:8)
  2 withered plants (D:4)
42 creatures vanquished.

Grand Total: 154 creatures vanquished

Notes
Turn   | Place    | Note
-------+----------+-------------------------------------------
     0 | D:1      | lonewolfV2 the Demonspawn Berserker began the quest for the
                  | Orb.
     0 | D:1      | Reached XP level 1. HP: 18/18 MP: 1/1
   508 | D:1      | Gained mutation: You are partially covered in sharp spines.
                  | [demonic ancestry]
   508 | D:1      | Reached XP level 2. HP: 20/24 MP: 2/2
  1329 | D:1      | Found a faded altar of an unknown god.
  1588 | D:2      | Reached XP level 3. HP: 28/29 MP: 1/3
  1705 | D:2      | Reached ** piety under Trog
  1734 | D:2      | Identified the +1 helmet "Ynnis" {rElec Dex+10}
  2356 | D:3      | Gained mutation: You have a somewhat thin skeletal
                  | structure. (Dex +2, Stealth+) [demonic ancestry]
  2356 | D:3      | Reached XP level 4. HP: 19/35 MP: 1/4
  3413 | D:4      | Noticed an ogre
  3424 | D:4      | Killed an ogre
  3425 | D:4      | Reached skill level 1 in Stealth
  3425 | D:4      | Gained mutation: You have a moderately thin skeletal
                  | structure. (Dex +4, Stealth++) [demonic ancestry]
  3425 | D:4      | Reached XP level 5. HP: 19/42 MP: 2/5
  3623 | D:4      | Reached skill level 2 in Stealth
  3800 | D:4      | Gained mutation: You have sharp fingernails. [demonic
                  | ancestry]
  3800 | D:4      | Reached XP level 6. HP: 16/48 MP: 3/6
  4333 | D:4      | Found a staircase to the Ecumenical Temple.
  4744 | D:4      | Found a runed translucent door.
  4745 | D:4      | Noticed Shayle's ghost (amateur DjWr)
  4990 | D:5      | Entered Level 5 of the Dungeon
  5105 | D:5      | Noticed a shadow
  5119 | D:5      | Killed a shadow
  5120 | D:5      | Reached skill level 5 in Axes
  5120 | D:5      | Reached skill level 3 in Stealth
  5674 | D:5      | Identified the +8 whip of Wrath {vorpal, Will+}
  5757 | D:5      | Found an opulent altar of Gozag.
  5762 | D:5      | Found a blossoming altar of Fedhas.
  5789 | D:5      | Found a basalt altar of Yredelemnul.
  5841 | D:5      | Gained mutation: A weak demonic guardian rushes to your
                  | aid. [demonic ancestry]
  5841 | D:5      | Reached XP level 7. HP: 54/54 MP: 7/7
  5895 | D:5      | Noticed Pikel
  5906 | D:5      | Killed Pikel
  5907 | D:5      | Reached skill level 1 in Maces & Flails
  5907 | D:5      | Reached skill level 4 in Stealth
  6161 | D:5      | Found a shimmering altar of Xom.
  6328 | D:6      | Reached XP level 8. HP: 58/61 MP: 6/8
  6563 | D:6      | Found Marduk's Dragon-Slaying Spoils.
  6796 | D:6      | Reached skill level 5 in Fighting
  6796 | D:6      | Reached skill level 5 in Stealth
  7071 | D:6      | Noticed Prince Ribbit
  7072 | D:6      | Noticed Grinder
  7086 | D:6      | Killed Prince Ribbit
  7087 | D:6      | Reached skill level 5 in Dodging
  7093 | D:6      | Killed Grinder
  7094 | D:6      | Gained mutation: You have very sharp fingernails. [demonic
                  | ancestry]
  7094 | D:6      | Reached XP level 9. HP: 47/68 MP: 9/9
  7525 | D:7      | You fall into a shaft and drop 2 floors!
  7545 | D:9      | Reached *** piety under Trog
  7572 | D:8      | Noticed Erica
  7575 | D:8      | Reached skill level 6 in Stealth
  7606 | D:8      | Killed Erica
  7607 | D:8      | Reached skill level 5 in Maces & Flails
  7715 | D:8      | Reached skill level 7 in Stealth
  7719 | D:8      | HP: 3/69 [yak (11)]
  7721 | D:8      | Mangled by a yak

Illustrated notes

Levels and vault maps discovered:
D:1:      eino_arrival_water_cross, layout_rooms,
          hellmonk_ecumenical_altar_lost_god
D:2:      layout_loops_ring
D:3:      layout_basic, grunt_decor_resistance, chequers_jeans, moated_statue
D:4:      layout_cave_pods, minmay_temple_entry_mist, gammafunk_ghost_grave
D:5:      layout_loops_ring, mainiacjoe_overflow_six_doors_small, tgw_xom,
          grunt_temple_overflow_open, uniq_pikel
D:6:      layout_loops_ring, nicolae_shop_dragon_depot, minmay_strange_pillars,
          water_boxes_lemuel, uniq_prince_ribbit1, uniq_grinder
D:7:      layout_loops_ring, general_overflow_altar
D:8:      layout_basic, due_lair_maze_entry_diamond, enter_bailey_3, uniq_erica,
          uniq_maurice
D:9:      layout_rooms, cheibrodos_worm_habitat, kennysheep_decorative_pillar,
          minmay_sticks_and_stones, uniq_grum

Skill      XL: |  1  2  3  4  5  6  7  8  9 |
---------------+----------------------------+-----
Axes           | 3 4 5 6 |  6.1
Dodging        | 2 3 4 5 |  5.9
Stealth        | 1 2 3 4 5 7 |  7.0
Fighting       | 4 5 6 |  6.2
Maces & Flails | 1 3 6 |  6.0
Armour         | |  1.9

Action                   |  1- 3 |  4- 6 |  7- 9 || total
-------------------------+-------+-------+-------++-------
Melee: Hand axe          |    79 |    93 |       ||   172
       Punch             |     1 |     3 |     2 ||     6
       Whip              |       |     1 |   140 ||   141
Invok: Berserk           |       |       |     1 ||     1
       Trog's Hand       |       |       |     1 ||     1
  Use: Scroll            |     4 |     1 |       ||     5
       Potion            |       |       |     6 ||     6
 Stab: Sleeping          |       |     7 |     6 ||    13
       Distracted        |       |     1 |     3 ||     4
Armor: Animal skin       |    16 |    11 |    10 ||    37
Dodge: Dodged            |    75 |    51 |    82 ||   208

Table legend: (Time is in decaauts)
 A = Elapsed time spent in this place.
 B = Non-inter-level travel time spent in this place.
 C = Inter-level travel time spent in this place.
 D = Time resting spent in this place.
 E = Time spent auto-exploring this place.
 F = Levels seen in this place.
 G = Mean time per level.
                   A        B        C        D        E       F      G
               +--------+--------+--------+--------+--------+-----+--------+
         Total |   7730 |   7565 |    165 |   1421 |   4975 |   9 |  858.9 |
       Dungeon |   7730 |   7565 |    165 |   1421 |   4975 |   9 |  858.9 |
               +--------+--------+--------+--------+--------+-----+--------+

Top non-repeatable levels by time:
     D:4: 1586 daAuts
     D:1: 1571 daAuts
     D:5: 1298 daAuts
     D:6: 1201 daAuts
     D:3: 1152 daAuts
     D:2: 701 daAuts
     D:8: 169 daAuts
     D:7: 27 daAuts
     D:9: 22 daAuts
